 Dungeon Crawl Stone Soup version 0.29.1-2-gbd0b4ee654 (webtiles) character file.

Game seed: 4859521222762982964

74 zeram the Caller (level 4, -5/39 HPs)
             Began as a Troll Summoner on Nov 27, 2022.
             Slain by Terence
             ... wielding a +0 hand axe of electrocution
              (18 damage)
             ... on level 2 of the Dungeon.
             The game lasted 00:03:47 (1526 turns).

zeram the Caller (Troll Summoner)                   Turns: 1526, Time: 00:03:47

Health: -5/39      AC:  4    Str: 13 (16) XL:     4   Next: 9%
Magic:  3/5        EV:  9    Int: 12 (13) God:
Gold:   74         SH:  0    Dex:  7 (10) Spells: 2/5 levels left

rFire   . . .      SeeInvis +   j - +1 whip
rCold   . . .      Faith    .   (no shield)
rNeg    . . .      Spirit   .   a - +0 robe
rPois   .          Reflect  .   (helmet restricted)
rElec   .          Harm     .   (no cloak)
rCorr   .          Rampage  .   (gloves unavailable)
Will    .....                   (boots unavailable)
Stlth   +.........              i - amulet of regeneration
HPRegen 1.73/turn               c - ring of see invisible
MPRegen 0.09/turn               (no ring)

@: brilliant
A: large, unfitting armour, claws 3, regeneration 1, shaggy fur 1, tough skin 1
a: no special abilities


You were on level 2 of the Dungeon.
You visited 1 branch of the dungeon, and saw 2 of its levels.

You collected 74 gold pieces.

Inventory:

Hand Weapons
 d - a +0 hand axe
 j - a +1 whip (weapon)
Armour
 a - a +0 robe (worn)
Jewellery
 c - a ring of see invisible (left claw)
 i - an amulet of regeneration (around neck)
Scrolls
 m - a scroll of immolation {unknown}
 n - a scroll of fog {unknown}
 o - a scroll of blinking {unknown}
 q - a scroll of silence {unknown}
 r - a scroll of noise {unknown}
 s - a scroll of teleportation
Potions
 b - 2 potions of magic
 g - a potion of degeneration
 h - a potion of might {unknown}
 k - a potion of berserk rage {unknown}
 l - a potion of cancellation {unknown}
 p - a potion of flight {unknown}


   Skills:
 + Level 1.0 Maces & Flails
 + Level 2.1 Dodging
 - Level 1.0 Stealth
 + Level 1.4 Spellcasting
 + Level 3.7 Summonings


You had 2 spell levels left.
You knew the following spells:

 Your Spells              Type           Power      Damage    Failure   Level
a - Summon Small Mammal   Summ           56%        N/A       6%          1
b - Call Imp              Summ           14%        N/A       10%         2

Your spell library contained the following spells:

 Spells                   Type           Power      Damage    Failure   Level
 Call Canine Familiar     Summ           14%        N/A       19%         3
 Summon Guardian Golem    Hex/Summ       8%         N/A       38%         3
 Summon Lightning Spire   Summ/Air       8%         N/A       80%         4


Dungeon Overview and Level Annotations

Branches:
Dungeon (2/15)

Altars:

Annotations:
D:2 Terence


Innate Abilities, Weirdness & Mutations

You are too large for most types of armour.
You have claws for hands.
Your natural rate of healing is unusually fast.
You are covered in fur. (AC +1)
You have tough skin. (AC +1)


Message History

Terence the Incautious comes into view.
He is wielding a +0 hand axe of electrocution, wearing a +2 ring mail of poison resistance and carrying a wand of light (12).
Terence zaps a wand.
The bolt of light misses you.
Terence is nearby!
Terence is nearby!
Terence is nearby!
Terence zaps a wand.
The bolt of light hits you!!
Ouch! That really hurt!
You are too injured to fight recklessly!
Casting: Call Imp (safe; 9% risk of failure)
Confirm with . or Enter, or press ? or * to list all spells.
A beastly little devil appears in a puff of frigid air.
Terence zaps a wand.
The bolt of light hits you!
You are confused.
* * * LOW HITPOINT WARNING * * *
It was a potion of degeneration.
There was something very wrong with that liquid.
You feel weakened.
You feel dopey.
You feel clumsy.
You are too confused!
It was a potion of brilliance.
You feel clever all of a sudden.
You feel less confused.
It was a potion of curing.
You feel better.
Terence zaps a wand.
The bolt of light hits you.
Your white imp gestures at Terence.
The puff of frost hits Terence!
What are your orders? t - Shout!
Orders for allies: a - Attack new target. r - Retreat! s - Stop attacking. g - Guard the area. f - Follow me.
Anything else - Cancel.
Gang up on whom?
Press: ? - help, Dir - move target, f - Terence
Aim: Terence, wielding a +0 hand axe of electrocution, wearing a +2 ring mail of poison resistance and carrying a wand of light (8) (heavily wounded, not watching you, ally target) Attack!
Your white imp hits Terence but does no damage.
You hit Terence but do no damage.
Terence is heavily wounded.
Terence hits you with a +0 hand axe of electrocution.
You are electrocuted!!
You die...

#.###.........#...
#.##...####.###...
#......# #.###...
####...# #....... #
#...# ######.# ###.
#...# #..#
.....#####...########..#
..##...............##...
.......@....†..........#
...#..@5...........##...
#.#####...####### .## ..
#..†# # . ..# #...# ## #
###...### # #.......# #
#.#...#.# #
####.##.##.#########


You could see Terence (ally target) and a friendly white imp (summoned).

Vanquished Creatures
  Natasha (D:2)
  An adder (D:2)
  A dart slug (D:1)
  5 ball pythons
  4 endoplasms
  A giant cockroach (D:1)
  4 goblins
  3 hobgoblins
  2 kobolds (D:1)
  2 quokkas (D:1)
  5 bats
  3 rats
32 creatures vanquished.

Vanquished Creatures (collateral kills)
  2 bats (D:1)
2 creatures vanquished.

Grand Total: 34 creatures vanquished

Notes
Turn   | Place    | Note
-------+----------+-------------------------------------------
     0 | D:1      | zeram the Troll Summoner began the quest for the Orb.
     0 | D:1      | Reached XP level 1. HP: 16/16 MP: 1/1
    69 | D:1      | Reached skill level 3 in Summonings
   225 | D:1      | Reached XP level 2. HP: 24/24 MP: 0/2
   532 | D:1      | Learned a level 2 spell: Call Imp
  1130 | D:2      | Reached XP level 3. HP: 31/31 MP: 4/4
  1469 | D:2      | Noticed Natasha
  1479 | D:2      | Killed Natasha
  1480 | D:2      | Reached skill level 1 in Maces & Flails
  1480 | D:2      | Reached XP level 4. HP: 34/39 MP: 1/5
  1519 | D:2      | Noticed Terence
  1526 | D:2      | Slain by Terence

Illustrated notes

Levels and vault maps discovered:
D:1:      wheals_arrival_linesprint, layout_basic
D:2:      layout_loops_cross, shapermc_ecumenical_altar_mp_vishouse,
          uniq_terence, uniq_natasha

Skill      XL: |  1  2  3 |
---------------+----------+-----
Summonings     | 3 |  3.7
Dodging        | 2 |  2.1
Maces & Flails | 1 |  1.0
Stealth        | |  1.0
Spellcasting   | |  1.4

Action                   |  1- 3 |  4- 6 || total
-------------------------+-------+-------++-------
Melee: Unarmed           |    28 |       ||    28
       Whip              |    67 |     1 ||    68
       Hand axe          |    22 |       ||    22
 Cast: Summon Small Mamm |     6 |       ||     6
       Call Imp          |     1 |     1 ||     2
  Use: Scroll            |     3 |       ||     3
       Potion            |       |     3 ||     3
 Stab: Sleeping          |     2 |       ||     2
Armor: Robe              |    38 |       ||    38
Dodge: Dodged            |    71 |     1 ||    72
